 Dungeon Crawl Stone Soup version 0.28.0-53-g5a82cb258f (webtiles) character file.

Game seed: 17094358765513248662

36 Cidec the Chopper (level 3, -7/26 HPs)
             Began as a Barachi Fighter on July 16, 2022.
             Mangled by a scorpion (8 damage)
             ... on level 2 of the Dungeon.
             The game lasted 00:04:58 (1899 turns).

Cidec the Chopper (Barachi Fighter)                 Turns: 1899, Time: 00:04:59

Health: -7/26      AC:  9    Str: 19    XL:     3   Next: 37%
Magic:  3/3        EV:  9    Int:  8    God:
Gold:   41         SH:  4    Dex:  9    Spells: 2/2 levels left

rFire   . . .      SeeInvis .   a - +0 war axe
rCold   . . .      Faith    .   c - +0 buckler
rNeg    . . .      Spirit   .   b - +0 scale mail
rPois   .          Reflect  .   (no helmet)
rElec   .          Harm     .   h - +2 cloak
rCorr   .          Rampage  .   (no gloves)
Will    .....                   (no boots)
Stlth   ..........              (no amulet)
HPRegen 0.08/turn               e - +4 ring of slaying
MPRegen 0.08/turn               (no ring)

@: mighty, lethally poisoned (-7 -> -8), unable to hop, slow
A: amphibious, slowness 1, strong legs 1, +LOS, iridescent scales 1, clumsy 1,
deformed body, frail 1
a: Hop


You were on level 2 of the Dungeon.
You visited 1 branch of the dungeon, and saw 2 of its levels.

You collected 41 gold pieces.

Inventory:

Hand Weapons
 a - a +0 war axe (weapon)
Armour
 b - a +0 scale mail (worn)
 c - a +0 buckler (worn)
 h - a +2 cloak (worn)
Jewellery
 e - a +4 ring of slaying (left hand)
 k - an amulet of magic regeneration
Scrolls
 f - 2 scrolls of identify {unknown}


   Skills:
 - Level 3.6 Fighting
 + Level 4.1 Axes
 - Level 3.6 Armour
 - Level 3.2 Shields


You had 2 spell levels left.
You didn't know any spells.
Your spell library contained the following spells:

 Spells                   Type           Power      Damage    Failure   Level
 Beastly Appendage        Tmut           0%         N/A       86%         1
 Foxfire                  Conj/Fire      0%         2x1d4     86%         1
 Conjure Flame            Conj/Fire      0%         6-21      99%         3
 Inner Flame              Hex/Fire       0%         N/A       99%         3
 Animate Dead             Necr           0%         N/A       100%        4
 Flame Wave               Conj/Fire      0%         2d4       100%        4
 Borgnjor's Vile Clutch   Necr/Erth      0%         N/A       100%        5
 Death Channel            Necr           0%         N/A       100%        6


Dungeon Overview and Level Annotations

Branches:
Dungeon (2/15)

Altars:
Wu Jian


Innate Abilities, Weirdness & Mutations

You are amphibious.
You cover ground slowly.
You can hop short distances.
You have an extended range of vision and can be seen from far away.
You are partially covered in iridescent scales. (AC +2)
You are clumsy. (Dex -2)
Armour fits poorly on your strangely shaped body.
You are frail. (-10% HP)


Message History

You block the kobold's attack.
You slash the kobold!
You kill the kobold!
A dart slug comes into view.
The dart slug launches a dart at you. You block the slug dart.
You block the dart slug's attack.
You slash the dart slug!
You kill the dart slug!
A ball python comes into view.
You feel very mighty all of a sudden.
It was a potion of mutation.
You feel extremely strange.
Your body twists and deforms.
You feel frail.
You feel clumsy.
Iridescent scales grow over part of your body.
You slash the scorpion!
The scorpion is heavily wounded.
The scorpion stings you.
You are poisoned.
The scorpion poisons you!
You barely miss the scorpion.
The scorpion is heavily wounded.
You feel very sick.
The scorpion stings you but does no damage.
The scorpion stings you!
You hit the scorpion.
The scorpion is heavily wounded.
You feel sick. The scorpion stings you.
* * * LOW HITPOINT WARNING * * *
The scorpion stings you but does no damage.
You barely miss the scorpion.
The scorpion is heavily wounded.
* * * LOW HITPOINT WARNING * * *
You feel sick. The scorpion closely misses you.
You barely miss the scorpion.
The scorpion is heavily wounded.
* * * LOW HITPOINT WARNING * * *
You feel sick.
The scorpion stings you but does no damage.
The scorpion stings you!
You die...

#########
#.......#
#.#####.# #.#
#@# #.# ###s#
#.#
#.....s.....
#.#
#.#.####....
#.# #.#....#..
.
#.###.#..8...8
#..........#..
..
#####.###.###.
..###.
#..........#..
......


You could see a scorpion.

Vanquished Creatures
  A worm (D:2)
  A dart slug (D:2)
  A bat (D:2)
  2 endoplasms (D:1)
  4 goblins
  5 hobgoblins
  2 quokkas
  5 ball pythons
  4 kobolds
  2 rats (D:1)
  A bush (D:1)
28 creatures vanquished.

Vanquished Creatures (others)
  A plant (D:1)
1 creature vanquished.

Grand Total: 29 creatures vanquished

Notes
Turn   | Place    | Note
-------+----------+-------------------------------------------
     0 | D:1      | Cidec the Barachi Fighter began the quest for the Orb.
     0 | D:1      | Reached XP level 1. HP: 18/18 MP: 1/1
   447 | D:1      | Reached XP level 2. HP: 20/24 MP: 2/2
   572 | D:1      | Reached skill level 3 in Axes
   914 | D:1      | Found a faded altar of an unknown god.
   921 | D:1      | Got Plato's Guide on Changing
  1451 | D:2      | Reached XP level 3. HP: 29/29 MP: 3/3
  1724 | D:2      | Reached skill level 4 in Axes
  1812 | D:2      | Found an ornate altar of the Wu Jian Council.
  1820 | D:2      | Noticed a scorpion
  1892 | D:2      | Gained mutation: Armour fits poorly on your strangely
                  | shaped body. [potion of mutation]
  1892 | D:2      | Gained mutation: You are frail. (-10% HP) [potion of
                  | mutation]
  1892 | D:2      | Gained mutation: You are clumsy. (Dex -2) [potion of
                  | mutation]
  1892 | D:2      | Gained mutation: You are partially covered in iridescent
                  | scales. (AC +2) [potion of mutation]
  1899 | D:2      | HP: 1/26 [poisoned by a scorpion]
  1899 | D:2      | Mangled by a scorpion

Illustrated notes

Levels and vault maps discovered:
D:1:      giann_forest_graveyard, layout_loops_corners,
          shapermc_ecumenical_altar_rom_forum, serial_forest,
          infiniplex_forest_straight_4, infiniplex_forest_corner_2,
          infiniplex_forest_zigzag_2, infiniplex_forest_lined_room_2,
          infiniplex_forest_clump_small, infiniplex_forest_end_2,
          infiniplex_forest_clump_small, infiniplex_forest_lined_room_3,
          minmay_close_crescents
D:2:      layout_loops_corners, basic_altar, minmay_misc_feat_four_crosses,
          hangedman_glass_teeth

Skill      XL: |  1  2  3 |
---------------+----------+-----
Axes           | 3 4 |  4.1
Fighting       | |  3.6
Armour         | |  3.6
Shields        | |  3.2

Action                   || total
-------------------------++-------
Melee: War axe           ||   105
 Abil: Hop               ||     1
  Use: Scroll            ||     5
       Potion            ||     2
Armor: Scale mail        ||    20
Dodge: Dodged            ||    26
Block: Buckler           ||    16
